 Dungeon Crawl Stone Soup version 0.29-a0-486-ga88943ba61 (webtiles) character file.

Game seed: 15642827211060210983

27765 Colgate the Fighter (level 13, -2/86 HPs)
             Began as a Kobold Brigand on May 26, 2022.
             Was an Elder of Jiyva.
             Slain by an eight-headed hydra (6 damage)
             ... on level 5 of the Lair of Beasts.
             The game lasted 01:17:28 (13806 turns).

Colgate the Fighter (Kobold Brigand)               Turns: 13806, Time: 01:17:28

Health: -2/86      AC: 13    Str: 16    XL:     13   Next: 68%
Magic:  3/20       EV: 20    Int: 20    God:    Jiyva [****..]
Gold:   434        SH:  0    Dex: 20    Spells: 7/22 levels left

rFire   x . .      SeeInvis +   a - +2 dagger (elec)
rCold   . . .      Faith    .   (no shield)
rNeg    . . .      Spirit   .   F - +0 troll leather armour
rPois   .          Reflect  .   (helmet restricted)
rElec   .          Harm     .   c - +0 cloak
rCorr   +          Rampage  .   y - +2 pair of gloves
Will    ++...                   r - +2 pair of boots {Stlth+}
Stlth   ++++++++..              (no amulet)
HPRegen 2.32/turn               R - +4 ring of protection
MPRegen 0.57/turn               B - ring "Jeadd" {rF- rCorr Str+8 Int+6}

@: very slightly contaminated
A: small, no large weapons, nightstalker 3, horns 1, strong-willed 2, sense
surroundings 1, eyeballs 3, pseudopods 2, translucent skin 1, evolution 2,
tendrils
a: Renounce Religion, Oozemancy, Slimify


You were on level 5 of the Lair of Beasts.
You worshipped Jiyva.
Jiyva was greatly pleased with you.
You visited 3 branches of the dungeon, and saw 16 of its levels.
You also visited: Ossuary.

You collected 535 gold pieces.
You spent 101 gold pieces at shops.

Inventory:

Hand Weapons
 a - a +2 dagger of electrocution (weapon)
 b - a +5 scimitar
 z - a +0 rapier of draining
 C - a +2 dagger of venom
Missiles
 d - 13 poisoned darts
 e - 7 curare-tipped darts
 x - 3 boomerangs
 L - a throwing net {!f}
 N - 5 atropa-tipped darts
Armour
 c - a +0 cloak (worn)
 r - a +2 pair of boots of stealth (worn)
 t - a +0 helmet
 v - a +0 robe
 y - a +2 pair of gloves (worn)
 A - a +0 buckler
 F - a +0 troll leather armour (worn)
 I - a +0 kite shield
 S - the +0 plate armour of the King of the Hill {rC++}
   (You found it on level 4 of the Lair of Beasts)

   rC:        It greatly protects you from cold.
Jewellery
 i - a ring of protection from fire
 n - a ring of resist corrosion
 q - a +6 ring of strength
 B - the ring "Jeadd" (right hand) {rF- rCorr Str+8 Int+6}
   (You took it off a gnoll on level 6 of the Dungeon)

   [ring of resist corrosion]

   Str:       It affects your strength (+8).
   Int:       It affects your intelligence (+6).
   rF:        It makes you vulnerable to fire.
   rCorr:     It protects you from acid and corrosion.
 D - a ring of flight
 M - a ring of willpower
 R - a +4 ring of protection (left hand)
Wands
 m - a wand of acid (9) {@v1}
 Q - a wand of polymorph (2)
 T - a wand of paralysis (6)
 U - a wand of iceblast (5) {@v2}
Scrolls
 f - 4 scrolls of teleportation {@r3}
 k - a scroll of noise
 w - 2 scrolls of fog
 G - a scroll of poison {unknown}
 J - a scroll of enchant armour {unknown}
 P - a scroll of brand weapon {unknown}
Potions
 g - 2 potions of curing {@q1}
 h - 6 potions of heal wounds {@q2}
 j - 5 potions of flight
 l - 2 potions of might {@q3}
 o - 2 potions of degeneration
 p - 3 potions of lignification
 s - 3 potions of attraction
 u - 2 potions of brilliance
 E - a potion of invisibility {unknown}
 H - a potion of cancellation {unknown}
 K - a potion of haste {unknown}
Miscellaneous
 O - a piece from Xom's chessboard (12/15)


   Skills:
 + Level 12.2 Fighting
 - Level 6.0 Short Blades
 - Level 2.1 Throwing
 - Level 8.2 Dodging
 - Level 11.0 Stealth
 - Level 5.1 Spellcasting
 - Level 7.0 Hexes
 - Level 2.2 Necromancy
 - Level 2.2 Transmutations
 - Level 7.0 Ice Magic
 - Level 10.0 Earth Magic
 - Level 7.1 Evocations


You had 7 spell levels left.
You knew the following spells:

 Your Spells              Type           Power      Damage    Failure   Level
a - Ensorcelled Hibernat  Hex/Ice        66%        N/A       1%          2
b - Passwall              Tmut/Erth      24%        N/A       1%          2
c - Confusing Touch       Hex            33%        N/A       2%          3
d - Stone Arrow           Conj/Erth      50%        3d10      5%          3
e - Borgnjor's Vile Clut  Necr/Erth      14%        N/A       30%         5

Your spell library contained the following spells:

 Spells                   Type           Power      Damage    Failure   Level
 Dazzling Flash           Conj/Hex       38%        N/A       10%         3
 Shock                    Conj/Air       20%        1d4       14%         1
 Animate Armour           Summ/Erth      50%        N/A       19%         4
 Ignite Poison            Fire/Tmut/Pois 8%         N/A       30%         3
 Conjure Flame            Conj/Fire      5%         6-21      38%         3
 Swiftness                Air            5%         N/A       38%         3
 Airstrike                Air            2%         N/A       80%         4
 Sticky Flame             Conj/Fire      5%         2d3       80%         4
 Blade Hands              Tmut           6%         N/A       85%         5
 Iron Shot                Conj/Erth      12%        9d3       95%         6
 Lehudib's Crystal Spear  Conj/Erth      12%        10d4      100%        8
 Death's Door             Necr           6%         N/A       100%        9


Dungeon Overview and Level Annotations

Branches:
Dungeon (10/15)            Temple (1/1) D:5            Lair (5/6) D:10
 Shoals (0/4) Lair:3       Spider (0/4) Lair:2          Orc (0/2) D:10
Ossuary (visited)
  Slime: Lair:5-6

Altars:
Ashenzari
Cheibriados
Dithmenos
Elyvilon
Fedhas
Gozag
Hepliaklqana
Kikubaaqudgha
Makhleb
Nemelex Xobeh
Okawaru
Qazlal
Ru
Sif Muna
Trog
Uskayaw
Vehumet
Wu Jian
Xom
Yredelemnul
Zin
The Shining One
Jiyva

Shops:
D:3 (   D:5 [   D:7 *

Portals:
Trove: D:10 (give 5 scrolls of blinking)


Innate Abilities, Weirdness & Mutations

You are small and have problems with some larger weapons.
You are completely attuned to the shadows.
You have a pair of small horns on your head.
You are highly strong-willed. (Will++)
You passively map a small area around you.
Your body is covered in eyes which may confuse attackers. (Acc +7, SInv)
Armour fits poorly on your large pseudopods.
Your translucent skin slightly reduces your foes' accuracy. (Stealth+)
You have great hidden genetic potential.
You are covered in slimy tendrils that may disarm your opponents.


Message History

The eight-headed hydra misses you.
The eight-headed hydra completely misses you.
The eight-headed hydra barely misses you.
The eight-headed hydra bites you.
The eight-headed hydra bites you but does no damage.
The eight-headed hydra closely misses you.
Unknown command.
Unknown command.
You hear the crackle of electricity.
a - a +2 dagger of electrocution (weapon)
Okay, then.
Aiming: Polymorph
Aim: an eight-headed hydra (moderately wounded, will become a bunyip, a storm dragon, or a ghost moth, chance to affect: 31%)
Okay, then.
Aiming: Paralyse
Aim: an eight-headed hydra (moderately wounded, chance to affect: 31%)
The eight-headed hydra easily resists.
The cane toad stings you but does no damage.
The eyeballs on your body gaze at the cane toad.
The eight-headed hydra bites you. The eight-headed hydra misses you.
The eight-headed hydra closely misses you.
The eight-headed hydra barely misses you.
The eight-headed hydra completely misses you.
The eight-headed hydra barely misses you.
The eight-headed hydra bites you! The eight-headed hydra misses you.
Okay, then.
Okay, then.
Aiming: Paralyse
Aim: an eight-headed hydra (moderately wounded, chance to affect: 31%)
The eight-headed hydra easily resists.
The blink frog seems less confused.
The eight-headed hydra bites you! The eight-headed hydra bites you.
The eight-headed hydra bites you!
* * * LOW HITPOINT WARNING * * *
The eight-headed hydra bites you!
* * * LOW HITPOINT WARNING * * *
The eight-headed hydra bites you but does no damage.
The eight-headed hydra bites you.
* * * LOW HITPOINT WARNING * * *
The eight-headed hydra bites you.
You die...

,.....#..## ###......... *
....####.# #* #.......... , ,
,....#...#*.## *.....P....#
,, ....#.##... ...#....... ,
.........#.........hP...... ,
,............................
.....................h.......
.............................
..........FD@......<..h......
,,
.....†....F...........Y......
.......F...........Y.Y.......
.......#..###+.##...Y... ,
........### ...#...Y..
,.......## , *, , ,.......# *
, , .$...#* * ,, , ,..P..#


You could see an eight-headed hydra, a cane toad (confused) and a blink frog.

Vanquished Creatures
  A hydra (Lair:3)
  A death yak (Lair:5)
  Sonja (Lair:4)
  8 elephants
  A black mamba (Lair:3)
  9 cane toads
  An unseen horror (D:8)
  A rime drake (Lair:3)
  6 komodo dragons
  3 trolls
  3 hornets
  11 blink frogs
  A snapping turtle (Lair:3)
  A shadow (D:9)
  A culicivora (Lair:2)
  41 yaks
  3 wyverns
  4 vampire mosquitoes (D:10)
  2 basilisks
  A steam dragon (D:8)
  An acid dragon (D:8)
  6 water moccasins
  2 sky beasts
  6 orc warriors
  2 black bears
  4 ice beasts
  3 ogres (D:4)
  A centaur (D:5)
  26 wolves
  A kobold brigand (D:8)
  A phantom (D:5)
  9 bullfrogs
  5 gnoll sergeants
  A scorpion (D:5)
  12 wights
  8 killer bees
  2 howler monkeys
  An electric eel (Lair:1)
  2 centaur zombies (Ossuary)
  3 orc priests
  3 hounds
  2 gnoll shamans
  4 iguanas
  7 orc wizards
  2 mummies (Ossuary)
  31 gnolls
  4 adders
  A shadow imp (D:4)
  12 white imps (Lair:4)
  2 adder zombies (Ossuary)
  A worm zombie (D:7)
  3 worms
  7 dart slugs
  21 orcs
  8 ball pythons
  14 bats
  5 endoplasms
  3 giant cockroaches
  11 goblins
  5 hobgoblins
  2 jackals (D:2)
  3 quokkas
  5 frilled lizards
  A goblin zombie (Ossuary)
  12 hobgoblin zombies
  3 jackal zombies (Ossuary)
  9 kobolds
  6 kobold zombies (Ossuary)
  8 orc zombies (Ossuary)
  5 rats
  5 rat zombies
401 creatures vanquished.

Vanquished Creatures (collateral kills)
  A killer bee (D:9)
1 creature vanquished.

Vanquished Creatures (others)
  Pikel (D:4)
  A steam dragon (Lair:3)
  2 water moccasins
  4 necrophages
  6 bullfrogs
  A scorpion (D:10)
  A howler monkey (D:5)
  41 jellies
  2 electric eels
  2 orc priests (D:6)
  Terence (D:2)
  An iguana (D:5)
  2 orc wizards
  3 gnolls
  4 adders
  A shadow imp (D:5)
  A white imp (D:5)
  A worm (D:5)
  A dart slug (D:4)
  7 orcs
  A bat (D:2)
  2 giant cockroaches (D:3)
  2 kobolds (D:8)
  A rat (D:3)
  109 fungi
  144 plants
342 creatures vanquished.

Grand Total: 744 creatures vanquished

Notes
Turn   | Place    | Note
-------+----------+-------------------------------------------
     0 | D:1      | Colgate the Kobold Brigand began the quest for the Orb.
     0 | D:1      | Reached XP level 1. HP: 12/12 MP: 1/1
    98 | D:1      | Reached XP level 2. HP: 17/17 MP: 2/2
   412 | D:1      | Reached XP level 3. HP: 21/21 MP: 3/3
   843 | D:2      | Reached skill level 5 in Short Blades
  1026 | D:2      | Found a faded altar of an unknown god.
  1038 | D:2      | Prayed at the altar of an unknown god.
  1038 | D:2      | Became a worshipper of Jiyva Juyfyu the Shapeless
  1038 | D:2      | Reached * piety under Jiyva
  1065 | D:2      | Reached XP level 4. HP: 25/26 MP: 4/4
  1290 | D:2      | Killed Terence
  1563 | D:3      | Reached ** piety under Jiyva
  1808 | D:3      | Found Vaczeleuta's Weapon Boutique.
  1849 | D:3      | Bought a +0 rapier of draining for 101 gold pieces
  2037 | D:3      | Reached skill level 1 in Spellcasting
  2423 | D:4      | Reached XP level 5. HP: 30/30 MP: 5/8
  2446 | D:4      | Noticed an ogre
  2457 | D:4      | Killed an ogre
  2458 | D:4      | Reached XP level 6. HP: 35/35 MP: 9/9
  2461 | D:4      | Learned a level 2 spell: Ensorcelled Hibernation
  2560 | D:4      | Noticed an ogre
  2565 | D:4      | Killed an ogre
  2618 | D:4      | Noticed Pikel
  2643 | D:3      | Reached skill level 1 in Hexes
  2660 | D:4      | Killed Pikel
  2797 | D:4      | Reached *** piety under Jiyva
  2883 | D:4      | Reached XP level 7. HP: 19/40 MP: 8/11
  3162 | D:4      | Learned a level 2 spell: Passwall
  3173 | D:4      | Found a basalt altar of Yredelemnul.
  3181 | D:4      | Found a glowing golden altar of the Shining One.
  3185 | D:4      | Found a shadowy altar of Dithmenos.
  3253 | D:4      | Found a radiant altar of Vehumet.
  3259 | D:4      | Found a hide-covered altar of Uskayaw.
  3305 | D:5      | Entered Level 5 of the Dungeon
  3419 | D:5      | Reached XP level 8. HP: 44/44 MP: 11/14
  3525 | D:5      | Gained mutation: You have hidden genetic potential.
                  | [Jiyva's grace]
  3525 | D:5      | Gained mutation: You have great hidden genetic potential.
                  | [Jiyva's grace]
  3525 | D:5      | Gained mutation: You are partially covered in iridescent
                  | scales. (AC +2) [Jiyva's grace]
  3525 | D:5      | Gained mutation: You are mostly covered in iridescent
                  | scales. (AC +4) [Jiyva's grace]
  3546 | D:5      | Found a staircase to the Ecumenical Temple.
  3806 | D:5      | Reached skill level 5 in Hexes
  3926 | D:5      | Found Eloonki's Antique Armour Shop.
  4326 | Temple   | Entered the Ecumenical Temple
  4515 | D:6      | Reached skill level 5 in Ice Magic
  4517 | D:6      | Reached **** piety under Jiyva
  4588 | D:6      | Reached XP level 9. HP: 48/48 MP: 15/15
  4588 | D:6      | Gained mutation: You are robust. (+10% HP) [hidden
                  | potential]
  4661 | D:6      | Identified the ring "Jeadd" {rF- rCorr Str+8 Int+6}
  4923 | D:6      | Found a stormy altar of Qazlal.
  4928 | D:6      | Found an opulent altar of Gozag.
  5432 | D:7      | Found a sand-covered staircase.
  5458 | Ossuary  | Entered an ossuary
  5521 | Ossuary  | Reached ***** piety under Jiyva
  5876 | D:7      | Reached skill level 3 in Fighting
  5934 | D:7      | Gained mutation: Your body has grown eyes which may confuse
                  | attackers. (Acc +3) [Jiyva's grace]
  5934 | D:7      | Gained mutation: Your body has grown many eyes which may
                  | confuse attackers. (Acc +5) [Jiyva's grace]
  5934 | D:7      | Gained mutation: Your body is covered in eyes which may
                  | confuse attackers. (Acc +7, SInv) [Jiyva's grace]
  5934 | D:7      | Gained mutation: Your translucent skin slightly reduces
                  | your foes' accuracy. (Stealth+) [Jiyva's grace]
  6350 | D:7      | Found a burning altar of Makhleb.
  6351 | D:7      | Found a glowing silver altar of Zin.
  6351 | D:7      | Noticed a blizzard demon
  6352 | D:7      | Noticed an angel
  6473 | D:7      | Found Uxitill's Blasphemy Boutique.
  6687 | D:8      | Reached skill level 4 in Fighting
  6765 | D:8      | Reached skill level 5 in Fighting
  6838 | D:8      | Noticed an unseen horror
  6844 | D:8      | Killed an unseen horror
  6845 | D:8      | Reached skill level 6 in Fighting
  6845 | D:8      | Reached XP level 10. HP: 57/67 MP: 14/16
  6846 | D:8      | Reached skill level 7 in Fighting
  6861 | D:8      | Gained mutation: You are agile. (Dex +2) [hidden potential]
  6861 | D:8      | Lost mutation: You have great hidden genetic potential.
                  | [hidden potential expressed]
  6986 | D:8      | Reached skill level 8 in Fighting
  6993 | D:8      | Reached skill level 5 in Evocations
  7722 | D:9      | Got Namiujuf's Disquisition on Malediction and Unholy Magic
  7802 | D:9      | Reached skill level 5 in Dodging
  7817 | D:9      | Learned a level 3 spell: Confusing Touch
  7881 | D:9      | Reached skill level 1 in Transmutations
  7890 | D:9      | Reached XP level 11. HP: 75/75 MP: 17/17
  7892 | D:9      | Reached skill level 9 in Fighting
  7896 | D:9      | Gained mutation: You passively map a small area around you.
                  | [hidden potential]
  7978 | D:9      | Reached skill level 10 in Fighting
  8449 | D:10     | Entered Level 10 of the Dungeon
  8587 | D:10     | Lost mutation: You are mostly covered in iridescent scales.
                  | (AC +4) [Jiyva's grace]
  8587 | D:10     | Lost mutation: You are agile. (Dex +2) [Jiyva's grace]
  8587 | D:10     | Lost mutation: Your body is covered in eyes which may
                  | confuse attackers. (Acc +7, SInv) [Jiyva's grace]
  8587 | D:10     | Lost mutation: Your body has grown many eyes which may
                  | confuse attackers. (Acc +5) [Jiyva's grace]
  8587 | D:10     | Gained mutation: You are covered in slimy tendrils that may
                  | disarm your opponents. [Jiyva's grace]
  8587 | D:10     | Gained mutation: Your body has grown many eyes which may
                  | confuse attackers. (Acc +5) [Jiyva's grace]
  8587 | D:10     | Gained mutation: Your body is covered in eyes which may
                  | confuse attackers. (Acc +7, SInv) [Jiyva's grace]
  8587 | D:10     | Gained mutation: You have acidic saliva. [Jiyva's grace]
  8778 | D:10     | Found a staircase to the Lair.
  9008 | D:10     | Reached XP level 12. HP: 84/84 MP: 16/18
  9163 | D:10     | Found a portal to a secret trove of treasure.
  9297 | D:10     | Found a staircase to the Orcish Mines.
  9355 | Lair:1   | Entered Level 1 of the Lair of Beasts
  9359 | Lair:1   | Reached skill level 10 in Stealth
  9421 | Lair:1   | Gained mutation: Your mind is acute. (Int +2) [hidden
                  | potential]
  9421 | Lair:1   | Lost mutation: You have hidden genetic potential. [hidden
                  | potential expressed]
  9653 | Lair:1   | Reached skill level 11 in Fighting
 10638 | Lair:2   | Reached skill level 12 in Fighting
 10898 | Lair:2   | Lost mutation: You are partially covered in iridescent
                  | scales. (AC +2) [Jiyva's grace]
 10898 | Lair:2   | Gained mutation: You are strong-willed. (Will+) [Jiyva's
                  | grace]
 10898 | Lair:2   | Gained mutation: You are highly strong-willed. (Will++)
                  | [Jiyva's grace]
 10898 | Lair:2   | Gained mutation: You are extremely strong-willed. (Will+++)
                  | [Jiyva's grace]
 10898 | Lair:2   | Gained mutation: You have a pair of small horns on your
                  | head. [Jiyva's grace]
 10996 | Lair:2   | Reached skill level 5 in Earth Magic
 11062 | Lair:2   | You are sucked into a shaft and drop 2 floors!
 11068 | Lair:4   | Reached skill level 1 in Necromancy
 11332 | Lair:3   | Noticed a six-headed hydra
 11343 | Lair:3   | Killed a six-headed hydra
 11414 | Lair:3   | Reached XP level 13. HP: 94/94 MP: 19/19
 11504 | Lair:3   | Learned a level 3 spell: Stone Arrow
 11697 | Lair:2   | Found a hole to the Spider Nest.
 12086 | Lair:3   | Learned a level 5 spell: Borgnjor's Vile Clutch
 12271 | Lair:3   | Found a staircase to the Shoals.
 12537 | Lair:4   | Reached skill level 5 in Spellcasting
 12680 | Lair:4   | Identified the +0 plate armour of the King of the Hill
                  | {rC++}
 12704 | Lair:4   | Lost mutation: Your mind is acute. (Int +2) [Jiyva's grace]
 12704 | Lair:4   | Lost mutation: You are extremely strong-willed. (Will+++)
                  | [Jiyva's grace]
 12704 | Lair:4   | Lost mutation: You are robust. (+10% HP) [Jiyva's grace]
 12704 | Lair:4   | Lost mutation: You have acidic saliva. [Jiyva's grace]
 12704 | Lair:4   | Gained mutation: You have hidden genetic potential.
                  | [Jiyva's grace]
 12704 | Lair:4   | Gained mutation: You have great hidden genetic potential.
                  | [Jiyva's grace]
 12704 | Lair:4   | Gained mutation: Armour fits poorly on your pseudopods.
                  | [Jiyva's grace]
 12704 | Lair:4   | Gained mutation: Armour fits poorly on your large
                  | pseudopods. [Jiyva's grace]
 12804 | Lair:4   | Noticed Sonja
 12882 | Lair:4   | Killed Sonja
 12883 | Lair:4   | Reached skill level 10 in Earth Magic
 13787 | Lair:5   | Noticed a seven-headed hydra
 13806 | Lair:5   | HP: 4/86 [eight-headed hydra (5)]
 13806 | Lair:5   | Slain by an eight-headed hydra

Illustrated notes

Levels and vault maps discovered:
D:1:      mrwooster_arrival_arrow, layout_basic, nicolae_figureground_sparkle
D:2:      cheibrodos_old_hovel, layout_rooms,
          ebering_ecumenical_altar_sacrificial, minmay_misc_feat_more_columns,
          kennysheep_another_room, uniq_terence
D:3:      layout_basic, serial_shops, nicolae_shop_hallway_plus
D:4:      layout_cave_pools, minmay_overflow_temple_star_hex, uniq_pikel
D:5:      minmay_skewed_foursquare, layout_rooms, lemuel_temple_firewalk_b,
          serial_shops, shop, kennysheep_dice
D:6:      layout_cave_pods, grunt_temple_overflow_open, serial_bayou_pond_c
D:7:      layout_basic, grunt_temple_overflow_order_and_chaos_2,
          enter_ossuary_3, nicolae_evil_shop
D:8:      layout_loops_ring
D:9:      layout_cave_pools, minivault_25, minmay_misc_feat_rows
D:10:     layout_long_grid, due_lair_maze_entry_diamond, david_orc_4,
          trove_entry_hex_spiral
Temple:   cyrus_circular_temple
Lair:1:   layout_small_grid, serial_bayou_ford_a, serial_bayou_shore_a,
          grunt_megastairs_1, infiniplex_staircase_pool
Lair:2:   layout_chaotic_city, hellmonk_spider_entry_life_and_decay,
          grunt_megastairs_3
Lair:3:   layout_small_grid, minmay_shoals_entry_hut
Lair:4:   layout_regular_city, portal_ice_cave_entry_imps, uniq_sonja
Lair:5:   layout_hall_layers, disabler_island, grunt_megastairs_2

Skill      XL: |  1  2  3  4  5  6  7  8  9 10 11 12 13 |
---------------+----------------------------------------+-----
Short Blades   | 3 4 5 6 |  6.0
Spellcasting   | 2 3 4 5 |  5.1
Ice Magic      | 2 3 5 7 |  7.0
Hexes          | 2 3 5 7 |  7.0
Evocations     | 3 7 |  7.1
Earth Magic    | 2 3 7 10 | 10.0
Fighting       | 6 8 10 12 | 12.2
Dodging        | 3 5 6 7 8 |  8.2
Transmutations | 2 |  2.2
Stealth        | 9 10 11 | 11.0
Necromancy     | 2 |  2.2
Throwing       | |  2.1

Action                   |  1- 3 |  4- 6 |  7- 9 | 10-12 | 13-15 || total
-------------------------+-------+-------+-------+-------+-------++-------
Melee: Dagger            |    78 |    85 |    74 |   165 |    51 ||   453
       Rapier            |       |    16 |   175 |       |       ||   191
       Scimitar          |       |       |    11 |    76 |    28 ||   115
       Punch             |       |       |     3 |     2 |     1 ||     6
       Bite              |       |       |       |    15 |     9 ||    24
       Headbutt          |       |       |       |    12 |    20 ||    32
       Pseudopods        |       |       |       |       |     5 ||     5
Throw: Dart              |     3 |     4 |       |       |       ||     7
 Cast: Ensorcelled Hiber |       |    12 |    47 |    99 |    30 ||   188
       Passwall          |       |       |       |     4 |       ||     4
       Confusing Touch   |       |       |       |     1 |     2 ||     3
       Stone Arrow       |       |       |       |       |    17 ||    17
       Borgnjor's Vile C |       |       |       |       |     6 ||     6
Invok: Oozemancy         |       |     1 |     3 |     5 |     3 ||    12
       Slimify           |       |       |       |     1 |       ||     1
Evoke: Piece from Xom's  |       |       |       |       |     5 ||     5
       Wand              |       |       |       |       |     2 ||     2
  Use: Scroll            |       |       |     6 |     6 |     1 ||    13
       Potion            |       |       |       |     1 |       ||     1
 Stab: Sleeping          |    21 |    19 |    58 |    90 |    20 ||   208
       Distracted        |     1 |     1 |     1 |     1 |     1 ||     5
       Confused          |       |       |     4 |    17 |     7 ||    28
       Petrified         |       |       |       |       |     1 ||     1
Armor: Robe              |     9 |    30 |    87 |    23 |       ||   149
       Troll leather arm |       |       |       |    61 |    43 ||   104
Dodge: Dodged            |    31 |    63 |   165 |   271 |   119 ||   649

Table legend: (Time is in decaauts)
 A = Elapsed time spent in this place.
 B = Non-inter-level travel time spent in this place.
 C = Inter-level travel time spent in this place.
 D = Time resting spent in this place.
 E = Time spent auto-exploring this place.
 F = Levels seen in this place.
 G = Mean time per level.
                   A        B        C        D        E       F      G
               +--------+--------+--------+--------+--------+-----+--------+
         Total |  13658 |  12929 |    729 |      4 |  10303 |  17 |  803.4 |
       Dungeon |   8842 |   8274 |    568 |      0 |   6669 |  10 |  884.2 |
        Temple |    106 |     94 |     12 |      0 |     84 |   1 |  106.0 |
          Lair |   4423 |   4275 |    148 |      4 |   3523 |   5 |  884.6 |
       Ossuary |    286 |    286 |      0 |      0 |     26 |   1 |  286.0 |
               +--------+--------+--------+--------+--------+-----+--------+

Top non-repeatable levels by time:
  Lair:1: 1167 daAuts
  Lair:4: 1128 daAuts
     D:5: 1046 daAuts
     D:7: 1026 daAuts
     D:8: 953 daAuts
     D:4: 924 daAuts
  Lair:3: 921 daAuts
  Lair:2: 906 daAuts
     D:3: 898 daAuts
    D:10: 881 daAuts
     D:6: 856 daAuts
     D:1: 837 daAuts
     D:9: 788 daAuts
     D:2: 629 daAuts
  Lair:5: 298 daAuts
